 Dungeon Crawl Stone Soup version 0.30-a0-989-g0d87f670db (webtiles) character file.

Game seed: 18150465635761126607

471 arthad the Charlatan (level 7, -9/57 HPs)
             Began as a Gnoll Wanderer on Apr 2, 2023.
             Mangled by an ogre
             ... wielding a +0 giant spiked club
              (25 damage)
             ... on level 5 of the Dungeon.
             The game lasted 00:11:43 (3230 turns).

arthad the Charlatan (Gnoll Wanderer)               Turns: 3230, Time: 00:11:44

Health: -9/57      AC:  4    Str: 11      XL:     7   Next: 9%
Magic:  10/10      EV: 13    Int: 12      God:
Gold:   53         SH:  5    Dex: 18 (19) Spells: 8/10 levels left

rFire   . . .      SeeInvis .    a - +2 falchion
rCold   . . .      Faith    .    (no shield)
rNeg    . . .      Spirit   .    e - +0 robe
rPois   .          Reflect  +    (no helmet)
rElec   .          Rampage  .    m - +0 cloak
rCorr   .                        (no gloves)
Will    ++...                    q - +0 pair of boots
Stlth   ++                       g - amulet of reflection
HPRegen 0.29/turn                o - +6 ring of dexterity
MPRegen 0.12/turn                p - ring of willpower

@: no status effects
A: fangs 1, strong nose, distributed training, strong-willed 1, robust 1
a: no special abilities


You were on level 5 of the Dungeon.
You visited 1 branch of the dungeon, and saw 5 of its levels.

You collected 170 gold pieces.
You spent 117 gold pieces at shops.

Inventory:

Hand Weapons
 a - a +2 falchion (weapon)
 b - a +0 mace
 v - a +3 dagger of flaming
Missiles
 w - 2 silver boomerangs (quivered)
Armour
 e - a +0 robe (worn)
 m - a +0 cloak (worn)
 q - a +0 pair of boots (worn)
Jewellery
 g - an amulet of reflection (around neck)
 o - a +6 ring of dexterity (left hand)
 p - a ring of willpower (right hand)
Wands
 c - a wand of polymorph (4)
Scrolls
 f - a scroll of butterflies
 i - 2 scrolls of torment
 k - 4 scrolls of identify
 n - a scroll of teleportation
 r - a scroll of magic mapping {unknown}
 s - 4 scrolls of amnesia {unknown}
 t - 8 scrolls of enchant armour {unknown}
 y - a scroll of blinking
Potions
 d - a potion of attraction
 h - a potion of ambrosia
 j - 2 potions of mutation
 l - a potion of cancellation


   Skills:
 + Level 3.5 Fighting
 + Level 2.3 Short Blades
 + Level 5.2 Long Blades
 + Level 2.3 Axes
 + Level 5.2 Maces & Flails
 + Level 2.3 Polearms
 + Level 2.3 Staves
 + Level 2.3 Ranged Weapons
 + Level 2.3 Throwing
 + Level 3.5 Armour
 + Level 3.5 Dodging
 + Level 2.3 Stealth
 + Level 2.3 Shields
 + Level 2.3 Unarmed Combat
 + Level 2.3 Spellcasting
 + Level 1.9 Conjurations
 + Level 1.9 Hexes
 + Level 1.9 Summonings
 + Level 1.9 Necromancy
 + Level 1.9 Translocations
 + Level 1.9 Transmutations
 + Level 1.9 Fire Magic
 + Level 1.9 Ice Magic
 + Level 1.9 Air Magic
 + Level 1.9 Earth Magic
 + Level 1.9 Poison Magic
 + Level 3.7 Invocations
 + Level 5.2 Evocations


You had 8 spell levels left.
You knew the following spells:

 Your Spells              Type           Power      Damage    Failure   Level
a - Blink                 Tloc           12%        N/A       19%         2

Your spell library contained the following spells:

 Spells                   Type           Power      Damage    Failure   Level
 Magic Dart               Conj           24%        1d4       12%         1
 Lesser Beckoning         Tloc           12%        N/A       19%         2
 Momentum Strike          Conj/Tloc      12%        3d8       19%         2
 Searing Ray              Conj           12%        2d4       19%         2
 Fulminant Prism          Conj/Hex       3%         3d5       75%         4


Dungeon Overview and Level Annotations

Branches:
Dungeon (5/15)
 Temple: D:4-7

Altars:
Cheibriados
Xom

Shops:
D:3 *   D:4 *

Annotations:
D:5 Duvessa, Sigmund


Innate Abilities, Weirdness & Mutations

You have very sharp teeth.
Your uncanny sense of smell can sniff out nearby items.
Your experience applies equally to all skills.
You are strong-willed. (Will+)
You are robust. (+10% HP)


Message History

The magic dart hits something.
Duvessa, Sister of Dowan comes into view.
She is wielding a +1 short sword of venom and wearing a +2 leather armour of fire resistance.
You are held in a net!
You are held in a net!
You are held in a net!
You are held in a net!
Unknown command.
As you read the scroll of teleportation, it crumbles to dust.
You feel strangely unstable.
Your attacks no longer feel as feeble.
The scorpion stings you. The gnoll barely misses you.
The sleepcap releases spores at you but does no damage.
Something hits you. The scorpion closely misses you.
You tear a large gash into the net.
The scorpion stings you. The gnoll hits you with a +0 club.
Something hits you but does no damage. The sleepcap closely misses you.
You struggle against the net.
The scorpion barely misses you. The gnoll hits you but does no damage.
The sleepcap releases spores at you. Something hits you.
* * * LOW HITPOINT WARNING * * *
Sigmund casts a spell.
Sigmund flickers and vanishes!
Okay, then.
You rip the net and break free!
Your surroundings suddenly seem different.
An ogre comes into view. It is wielding a +0 giant spiked club.
Found a leather armour.
Found a stone staircase leading down.
The ogre shouts!
Okay, then.
Okay, then.
Unknown command.
Throw: 2 boomerangs (silver)
Press: ? - help, Q - select action, (/) - cycle Shift-Dir - straight line, f - ogre
Aim: an ogre, wielding a +0 giant spiked club (77% to hit)
You throw a silver boomerang. The silver boomerang hits the ogre.
The ogre is lightly wounded.
You hit the ogre.
The ogre is lightly wounded.
The ogre hits you with a +0 giant spiked club!!
You die...

. ## .#.
#.. ...
[.## #.#
###
#....##.#
.. #...>#
.#
#.###.#
#..O@.#
#######


You could see an ogre.

Vanquished Creatures
  An ogre (D:4)
  A bullfrog (D:4)
  A hound (D:4)
  2 sleepcaps (D:4)
  An iguana (D:4)
  An orc wizard (D:3)
  4 gnolls
  2 adders (D:2)
  2 worms
  5 dart slugs
  7 orcs
  9 endoplasms
  4 giant cockroaches
  8 goblins
  3 hobgoblins
  10 jackals
  2 quokkas
  9 ball pythons
  5 bats
  9 kobolds
  5 rats
91 creatures vanquished.

Vanquished Creatures (others)
  2 orc wizards (D:3)
2 creatures vanquished.

Grand Total: 93 creatures vanquished

Notes
Turn   | Place    | Note
-------+----------+-------------------------------------------
     0 | D:1      | arthad the Gnoll Wanderer began the quest for the Orb.
     0 | D:1      | arthad set off with the following items: a +2 falchion, a
                  | +0 mace, a wand of polymorph (7), a potion of attraction, a
                  | +0 robe.
     0 | D:1      | Reached XP level 1. HP: 17/17 MP: 2/2
    70 | D:1      | Reached XP level 2. HP: 21/23 MP: 3/3
   121 | D:1      | Reached XP level 3. HP: 25/28 MP: 4/4
   597 | D:2      | Reached skill level 1 in Short Blades
   597 | D:2      | Reached skill level 1 in Axes
   597 | D:2      | Reached skill level 1 in Polearms
   597 | D:2      | Reached skill level 1 in Staves
   597 | D:2      | Reached skill level 1 in Ranged Weapons
   597 | D:2      | Reached skill level 1 in Throwing
   597 | D:2      | Reached skill level 1 in Stealth
   597 | D:2      | Reached skill level 1 in Shields
   597 | D:2      | Reached skill level 1 in Unarmed Combat
   597 | D:2      | Reached skill level 1 in Spellcasting
   746 | D:2      | Reached XP level 4. HP: 34/34 MP: 6/6
  1238 | D:3      | Reached skill level 1 in Conjurations
  1238 | D:3      | Reached skill level 1 in Hexes
  1238 | D:3      | Reached skill level 1 in Summonings
  1238 | D:3      | Reached skill level 1 in Necromancy
  1238 | D:3      | Reached skill level 1 in Translocations
  1238 | D:3      | Reached skill level 1 in Transmutations
  1238 | D:3      | Reached skill level 1 in Fire Magic
  1238 | D:3      | Reached skill level 1 in Ice Magic
  1238 | D:3      | Reached skill level 1 in Air Magic
  1238 | D:3      | Reached skill level 1 in Earth Magic
  1238 | D:3      | Reached skill level 1 in Poison Magic
  1454 | D:3      | Found Tihie's Assorted Antiques.
  1462 | D:3      | Bought 3 scrolls labelled CYNOILAOME for 72 gold pieces
  1462 | D:3      | Bought a metallic blue potion for 21 gold pieces
  1462 | D:3      | Bought a scroll labelled FODWUO TIROTON for 24 gold pieces
  1640 | D:3      | Reached XP level 5. HP: 18/40 MP: 7/7
  2014 | D:3      | Learned a level 2 spell: Blink
  2183 | D:4      | Gained mutation: You are strong-willed. (Will+) [potion of
                  | mutation]
  2183 | D:4      | Gained mutation: You are robust. (+10% HP) [potion of
                  | mutation]
  2207 | D:4      | a gnoll bouda changed into a warg
  2207 | D:4      | Noticed a warg
  2366 | D:4      | Reached XP level 6. HP: 36/51 MP: 8/8
  2380 | D:4      | Reached skill level 5 in Long Blades
  2380 | D:4      | Reached skill level 5 in Maces & Flails
  2380 | D:4      | Reached skill level 5 in Evocations
  2589 | D:4      | a warg changed into an ogre
  2665 | D:4      | Found Idghicw's Assorted Antiques.
  2788 | D:4      | Reached XP level 7. HP: 56/57 MP: 10/10
  2815 | D:4      | Found a snail-covered altar of Cheibriados.
  3198 | D:5      | Entered Level 5 of the Dungeon
  3217 | D:5      | Found a shimmering altar of Xom.
  3218 | D:5      | Noticed Sigmund
  3221 | D:5      | Noticed Duvessa
  3230 | D:5      | Mangled by an ogre

Illustrated notes

Levels and vault maps discovered:
D:1:      saegor_arrival_simple_d, layout_rooms
D:2:      layout_rooms, nicolae_elevator_lobby_plus
D:3:      layout_loops_cross, serial_shops, shop, kennysheep_minor_cross
D:4:      layout_basic, kennysheep_mini_moat, serial_shops,
          nicolae_take_the_stairs, minmay_diced_spiral
D:5:      layout_basic, grunt_temple_overflow_magic_moments,
          mainiacjoe_overflow_concentric_impassable, fedhas_altar_4,
          nicolae_overflow_squiral, minmay_manual_mail, uniq_duvessa,
          uniq_sigmund, uniq_menkaure

Skill      XL: |  1  2  3  4  5  6 |
---------------+-------------------+-----
Short Blades   | 1 2 |  2.3
Axes           | 1 2 |  2.3
Polearms       | 1 2 |  2.3
Staves         | 1 2 |  2.3
Ranged Weapons | 1 2 |  2.3
Throwing       | 1 2 |  2.3
Stealth        | 1 2 |  2.3
Shields        | 1 2 |  2.3
Unarmed Combat | 1 2 |  2.3
Spellcasting   | 1 2 |  2.3
Conjurations   | 1 |  1.9
Hexes          | 1 |  1.9
Summonings     | 1 |  1.9
Necromancy     | 1 |  1.9
Translocations | 1 |  1.9
Transmutations | 1 |  1.9
Fire Magic     | 1 |  1.9
Ice Magic      | 1 |  1.9
Air Magic      | 1 |  1.9
Earth Magic    | 1 |  1.9
Poison Magic   | 1 |  1.9
Invocations    | 3 |  3.7
Fighting       | 3 |  3.5
Armour         | 3 |  3.5
Dodging        | 3 |  3.5
Long Blades    | 5 |  5.2
Maces & Flails | 5 |  5.2
Evocations     | 5 |  5.2

Action                     |  1- 3 |  4- 6 |  7- 9 || total
---------------------------+-------+-------+-------++-------
  Melee: Falchion          |    68 |   183 |    20 ||   271
         Bite              |     5 |    19 |     2 ||    26
         Punch             |       |     8 |       ||     8
  Throw: Boomerang         |       |     1 |     1 ||     2
  Evoke: Wand              |       |     3 |       ||     3
    Use: Potion            |       |     8 |       ||     8
         Scroll            |       |     7 |     1 ||     8
   Stab: Sleeping          |     1 |     3 |     1 ||     5
 Armour: Robe              |    12 |    48 |     3 ||    63
  Dodge: Dodged            |    43 |   125 |    14 ||   182
  Block: Other             |       |    15 |     2 ||    17

Table legend: (Time is in decaauts)
 A = Elapsed time spent in this place.
 B = Non-inter-level travel time spent in this place.
 C = Inter-level travel time spent in this place.
 D = Time resting spent in this place.
 E = Time spent auto-exploring this place.
 F = Levels seen in this place.
 G = Mean time per level.
                   A        B        C        D        E       F      G
               +--------+--------+--------+--------+--------+-----+--------+
         Total |   3252 |   3108 |    144 |    122 |   2311 |   5 |  650.4 |
       Dungeon |   3252 |   3108 |    144 |    122 |   2311 |   5 |  650.4 |
               +--------+--------+--------+--------+--------+-----+--------+

Top non-repeatable levels by time:
     D:4: 1064 daAuts
     D:3: 918 daAuts
     D:2: 647 daAuts
     D:1: 590 daAuts
     D:5: 32 daAuts
